 Dungeon Crawl Stone Soup version 0.28-a0-1510-gd0f6b136d3 (webtiles) character file.

Game seed: 7053087509929086050

23 dolemite99 the Cudgeller (level 2, 0/26 HPs)
             Began as a Minotaur Fighter on Jan 15, 2022.
             Slain by Robin (2 damage)
             ... on level 2 of the Dungeon.
             The game lasted 00:00:19 (248 turns).

dolemite99 the Cudgeller (Minotaur Fighter)          Turns: 248, Time: 00:00:20

Health: 0/26       AC:  6    Str: 20    XL:     2   Next: 72%
Magic:  1/1        EV:  9    Int:  5    God:
Gold:   19         SH:  4    Dex:  9    Spells: 1/1 levels left

rFire   . . .      SeeInvis .   a - +0 flail
rCold   . . .      Faith    .   c - +0 buckler
rNeg    . . .      Spirit   .   b - +0 scale mail
rPois   .          Reflect  .   (helmet restricted)
rElec   .          Harm     .   (no cloak)
rCorr   .          Rampage  .   (no gloves)
Will    .....                   (no boots)
Stlth   ..........              (no amulet)
HPRegen 0.08/turn               (no ring)
MPRegen 0.07/turn               (no ring)

@: no status effects
A: horns 2, retaliatory headbutt
a: no special abilities


You were on level 2 of the Dungeon.
You visited 1 branch of the dungeon, and saw 2 of its levels.

You collected 19 gold pieces.

Inventory:

Hand Weapons
 a - a +0 flail (weapon)
Armour
 b - a +0 scale mail (worn)
 c - a +0 buckler (worn)
Scrolls
 e - a scroll of silence {unknown}
Potions
 d - 2 potions of might


   Skills:
 - Level 3.6 Fighting
 + Level 4.1 Maces & Flails
 - Level 3.6 Armour
 - Level 3.6 Shields


You had one spell level left.
You didn't know any spells.
Your spell library was empty.

Dungeon Overview and Level Annotations

Branches:
Dungeon (1/15)

Altars:

Annotations:
D:2 Robin


Innate Abilities, Weirdness & Mutations

You have a pair of horns on your head.
You reflexively headbutt those who attack you in melee.


Message History

You furiously retaliate!
You headbutt the hobgoblin!
You kill the hobgoblin!
You block the goblin's attack.
Your Maces & Flails skill increases to level 4!
You barely miss the goblin. Your headbutt misses the goblin.
Robin hits you but does no damage. The goblin hits you with a +0 dagger.
You closely miss the goblin. Your headbutt misses the goblin.
Robin hits you with a +0 club. The goblin hits you with a +0 dagger.
* * * LOW HITPOINT WARNING * * *
You hit the goblin.
You kill the goblin!
Robin hits you with a +0 club.
* * * LOW HITPOINT WARNING * * *
You barely miss the goblin. The goblin hits you with a +0 club.
* * * LOW HITPOINT WARNING * * *
You block Robin's attack. You block the goblin's attack.
You barely miss the goblin. Robin closely misses you.
You block the goblin's attack. Robin barely misses you.
You hit the goblin.
The goblin is moderately wounded.
The goblin hits you but does no damage.
Robin roars a battlecry!
The goblin goes into a battle-frenzy!
You barely miss the goblin.
The goblin is moderately wounded.
The goblin barely misses you. Robin completely misses you.
You sock the goblin!
You kill the goblin!
Robin hits you with a +0 club.
* * * LOW HITPOINT WARNING * * *
Items here: $ ))) ††.
Things that are here:
a +0 club; a goblin corpse
Things that are here:
a +0 club; a goblin corpse
Things that are here:
a +0 club; a +0 hunting sling; 15 sling bullets Robin says, "My army is invincible!"
You barely miss Robin. Robin hits you with a +0 club.
You die...

. #..# . ....
#. #..# #. #..#
># ##..# #.
...#
..####.######.#
........))))g@#
..####.########
#. .. ##. #. #.
#.


You could see Robin.

Vanquished Creatures
  An endoplasm (D:1)
  A giant cockroach (D:2)
  6 goblins (D:2)
  4 hobgoblins (D:2)
  4 jackals (D:1)
  A frilled lizard (D:1)
17 creatures vanquished.

Notes
Turn   | Place    | Note
-------+----------+-------------------------------------------
     0 | D:1      | dolemite99 the Minotaur Fighter began the quest for the
                  | Orb.
     0 | D:1      | Reached XP level 1. HP: 19/19 MP: 0/0
    64 | D:1      | Reached skill level 3 in Maces & Flails
   200 | D:1      | You fall into a shaft and drop 1 floor!
   201 | D:2      | Noticed Robin
   209 | D:2      | Reached XP level 2. HP: 21/26 MP: 1/1
   234 | D:2      | Reached skill level 4 in Maces & Flails
   241 | D:2      | HP: 1/26 [Robin (2)]
   248 | D:2      | Slain by Robin

Illustrated notes

Levels and vault maps discovered:
D:1:      lemuel_arrival_cross, layout_basic
D:2:      cheibrodos_pilgrimage, layout_basic, serial_shops, shop, uniq_robin

Skill      XL: |  1  2 |
---------------+-------+-----
Maces & Flails | 3 4 |  4.1
Fighting       | |  3.6
Armour         | |  3.6
Shields        | |  3.6

Action                   || total
-------------------------++-------
Melee: Flail             ||    46
       Headbutt          ||     4
Armor: Scale mail        ||    14
Dodge: Dodged            ||    23
Block: Buckler           ||     9

Table legend: (Time is in decaauts)
 A = Elapsed time spent in this place.
 B = Non-inter-level travel time spent in this place.
 C = Inter-level travel time spent in this place.
 D = Time resting spent in this place.
 E = Time spent auto-exploring this place.
 F = Levels seen in this place.
 G = Mean time per level.
                   A        B        C        D        E       F      G
               +--------+--------+--------+--------+--------+-----+--------+
         Total |    259 |    259 |      0 |      0 |    165 |   2 |  129.5 |
       Dungeon |    259 |    259 |      0 |      0 |    165 |   2 |  129.5 |
               +--------+--------+--------+--------+--------+-----+--------+

Top non-repeatable levels by time:
     D:1: 204 daAuts
     D:2: 54 daAuts
